Map: Disco Bloodbath LE

Players

Psz

  • Race: Terran Terran
  • League: Master
  • Spawn Location: 3:00

TurkeyDano - Winner!

  • Race: Protoss Protoss
  • League: Master
  • Spawn Location: 9:00

Event: NationWars 2019

VOD

Have the link to the VOD?

Description

Time

  • Played on: Sept. 30, 2019, 1:55 p.m.
  • Length: 19:14
Show
View Real Time Build Order
Export as new Build Order

Psz Terran 

Build Orders:  

Get SALT Encoding   

  12  0:01  SCV  
  13  0:13  SCV  
  14  0:17  Supply Depot  
  14  0:25  SCV  
  15  0:39  SCV  
  15  0:40  Barracks  
  16  0:43  Refinery  
  16  0:51  SCV  
  17  1:03  SCV  
  18  1:15  SCV  
  19  1:29  Marine  
  19  1:30  Orbital Command, Bunker  
  20  1:40  Supply Depot  
  21  1:57  SCV  
  22  2:12  SCV  
  22  2:13  Marine  
  23  2:24  SCV  
  23  2:25  Factory  
  24  2:34  Reaper  
  24  2:36  SCV  
  26  2:38  Refinery  
  26  2:40  Command Center  
  26  2:47  Refinery  
  26  2:48  SCV  
  27  3:01  SCV  
  28  3:07  Bunker  
  28  3:10  Factory Tech Lab  
  28  3:11  Barracks Reactor  
  30  3:14  SCV  
  30  3:18  Factory Tech Lab  
  29  3:21  Starport, Supply Depot  
  29  3:31  SCV  
  30  3:43  Cyclone, SCV  
  34  3:50  Bunker  
  34  3:53  Orbital Command  
  34  3:55  SCV  
  35  3:59  Medivac  
  37  4:08  Marine x2  
  39  4:11  SCV  
  40  4:19  SCV  
  40  4:23  SCV  
  42  4:25  Factory Tech Lab  
  42  4:26  Marine x2  
  44  4:31  SCV  
  44  4:34  Barracks  
  44  4:35  SCV  
  46  4:44  SCV  
  47  4:48  SCV  
  47  4:50  Marine x2  
  50  4:54  Raven  
  50  4:56  SCV  
  50  5:00  Siege Tank  
  50  5:03  SCV  
  54  5:12  Refinery  
  54  5:15  Supply Depot  
  54  5:16  Marine x2, SCV x2, Engineering Bay  
  54  5:18  Barracks  
  58  5:22  Barracks Tech Lab  
  58  5:31  SCV x2, Supply Depot  
  58  5:35  Marine x2  
  60  5:36  Siege Tank  
  60  5:40  Refinery  
  60  5:42  Supply Depot  
  65  5:47  Missile Turret, SCV  
  65  5:48  Missile Turret, SCV  
  65  5:49  Marine  
  68  5:52  Stimpack  
  68  5:53  Marine x2  
  70  6:00  SCV x2  
  70  6:01  Starport Reactor  
  70  6:02  Supply Depot  
  72  6:08  Marauder  
  72  6:11  Marine x2  
  74  6:12  Siege Tank, SCV x2  
  81  6:23  Supply Depot  
  83  6:30  Terran Infantry Weapons Level 1  
  85  6:33  Marine x2  
  85  6:35  Combat Shield  
  87  6:40  Marine x2  
  87  6:44  Supply Depot x2  
  85  6:47  Medivac x2  
  89  6:55  Command Center  
  89  6:57  Missile Turret  
  89  6:58  Marine x2  
  91  7:07  Marauder x2  
  95  7:14  SCV x2  
  96  7:16  Factory Reactor  
  96  7:19  Barracks  
  96  7:20  Barracks  
  96  7:23  Marine  
  96  7:24  Marine  
  98  7:30  Marauder x2  
  98  7:34  Medivac x2  
  105  7:41  Marine x2  
  105  7:42  SCV x2  
  103  7:54  SCV x2  
  102  8:02  Missile Turret  
  102  8:03  Marauder x2  
  106  8:06  Marine x2, SCV x2  
  106  8:07  Marauder  
  106  8:08  Orbital Command  
  111  8:14  Barracks Reactor  
  111  8:15  Widow Mine  
  111  8:16  Widow Mine, Concussive Shells  
  111  8:18  SCV  
  111  8:19  SCV  
  114  8:29  Marauder x2  
  114  8:31  Marauder  
  116  8:35  Orbital Command  
  116  8:36  Marine x2  
  116  8:37  Medivac x2  
  116  8:38  Widow Mine  
  124  8:43  SCV x2, Supply Depot  
  110  8:57  Marauder  
  110  8:58  Marauder  
  110  9:00  Marine x2  
  110  9:01  Marauder  
  114  9:03  Marine x2  
  114  9:05  Widow Mine x2  
  114  9:09  Medivac  
  114  9:11  SCV x2  
  114  9:13  SCV  
  117  9:18  Terran Infantry Armor Level 1  
  117  9:30  SCV x3, Ghost Academy  
  118  9:34  Marauder x2  
  104  9:47  Marine  
  104  9:48  Marine x2  
  104  9:51  SCV x3  
  92  9:55  Widow Mine x2  
  92  9:59  Medivac x2  
  90  10:02  Orbital Command  
  88  10:19  Marine x4  
  88  10:20  Widow Mine x2  
  95  10:29  Armory  
  95  10:30  Unknown x3, Engineering Bay  
  95  10:32  Orbital Command  
  88  10:40  SCV x2  
  93  10:55  Marauder  
  95  10:59  SCV x2  
  95  11:00  SCV  
  95  11:01  Refinery  
  98  11:05  Refinery  
  98  11:06  Enhanced Shockwaves, Unknown  
  98  11:11  Missile Turret  
  98  11:15  Widow Mine x2  
  98  11:17  Unknown  
  102  11:23  Liberator x2  
  102  11:24  Marauder x3  
  108  11:26  SCV x3, Supply Depot  
  108  11:32  Marine x3  
  112  11:33  Marine  
  115  11:46  Marauder  
  121  11:53  SCV x3  
  109  12:04  Marine x4  
  109  12:05  SCV x3  
  115  12:08  Terran Infantry Weapons Level 2, Terran Infantry Armor Level 2  
  112  12:17  SCV x3  
  113  12:26  Missile Turret  
  110  12:33  SCV  
  110  12:34  SCV x2  
  105  12:44  Marauder x3  
  105  12:46  Widow Mine x2  
  105  12:47  SCV x3  
  105  12:50  Liberator  
  103  13:01  SCV x2  
  103  13:02  SCV  
  103  13:03  Marine x4  
  112  13:13  SCV  
  112  13:14  SCV x2  
  112  13:17  Marauder x2  
  112  13:18  Marauder  
  117  13:24  Refinery, Liberator  
  117  13:25  SCV  
  110  13:28  Marine x3  
  110  13:29  Marine  
  110  13:33  Liberator  
  110  13:34  Sensor Tower  
  109  13:38  Widow Mine x2  
  112  13:46  Missile Turret  
  113  13:49  Marauder x2  
  113  13:52  Marine x2  
  113  13:53  Marine x2  
  125  13:59  Widow Mine  
  125  14:00  Widow Mine  
  127  14:04  SCV x2  
  127  14:09  Marine x2  
  119  14:10  Marine  
  119  14:16  SCV x2  
  119  14:17  SCV  
  120  14:20  Missile Turret  
  120  14:22  Widow Mine x2, Unknown  
  123  14:31  Bunker  
  123  14:34  Liberator  
  123  14:37  Marauder x3  
  129  14:40  Marine x2  
  129  14:41  Marine x2  
  133  14:49  Supply Depot  
  133  15:05  Marauder  
  133  15:06  Marauder x2  
  128  15:11  Marine x4  
  114  15:30  Liberator x2, Marauder x2  
  114  15:35  Marauder  
  113  15:43  Marine x3  
  113  15:44  Marine  
  113  15:47  Widow Mine x2  
  119  15:50  Fusion Core  
  119  15:51  Marine, Starport  
  111  16:09  Marauder  
  111  16:10  Marauder x2  
  109  16:13  Marine x4  
  109  16:26  Liberator x2  
  109  16:29  Starport Tech Lab  
  109  16:30  Marine x4  
  109  16:31  Liberator  
  113  16:34  Marauder  
  121  16:49  Marauder  
  121  16:53  Advanced Ballistics  
  126  16:54  Orbital Command  
  126  17:10  Marauder x2  
  126  17:12  Missile Turret  
  94  17:37  Marauder x2  
  94  17:38  Marauder  
  94  17:41  Marine x4  
  93  17:46  SCV x3  
  93  17:47  Liberator x2  
  89  17:58  Marine, SCV x2  
  73  18:17  Marauder x3  
  54  18:36  Orbital Command  
Show
View Real Time Build Order
Export as new Build Order

TurkeyDano Protoss - Winner!

Build Orders:  

Get SALT Encoding   

  12  0:00  Probe  
  13  0:13  Probe  
  14  0:16  Pylon  
  14  0:25  Probe (Chrono Boost)  
  16  0:37  Probe (Chrono Boost), Forge  
  16  0:42  Probe (Chrono Boost)  
  17  0:51  Probe  
  18  1:10  Pylon  
  18  1:12  Pylon  
  18  1:25  Pylon  
  18  1:36  Probe  
  19  1:42  Pylon  
  19  1:43  Photon Cannon  
  18  1:48  Probe  
  18  1:53  Gateway  
  19  2:00  Probe (Chrono Boost)  
  20  2:02  Photon Cannon  
  20  2:04  Pylon  
  20  2:12  Probe (Chrono Boost)  
  20  2:14  Assimilator  
  21  2:21  Probe (Chrono Boost)  
  22  2:25  Nexus  
  22  2:27  Probe  
  23  2:39  Probe  
  23  2:42  Zealot  
  23  2:43  Cybernetics Core  
  26  2:51  Probe  
  27  2:52  Pylon  
  27  3:03  Probe, Pylon  
  28  3:15  Probe  
  28  3:17  Stalker (Chrono Boost)  
  31  3:27  Probe  
  31  3:30  Warp Gate (Chrono Boost)  
  31  3:32  Assimilator  
  32  3:34  Photon Cannon  
  32  3:36  Photon Cannon  
  32  3:40  Stalker  
  34  3:44  Probe  
  34  3:51  Probe  
  35  3:56  Probe (Chrono Boost)  
  36  4:03  Probe (Chrono Boost)  
  38  4:12  Twilight Council  
  38  4:14  Probe (Chrono Boost)  
  38  4:15  Probe (Chrono Boost)  
  39  4:19  Probe (Chrono Boost)  
  39  4:21  Probe (Chrono Boost)  
  41  4:27  Gateway  
  41  4:29  Gateway  
  41  4:30  Probe  
  42  4:32  Probe  
  43  4:42  Probe  
  43  4:44  Probe  
  41  4:54  Probe  
  41  4:56  Probe  
  42  5:06  Probe  
  43  5:08  Probe  
  43  5:09  Pylon  
  43  5:10  Blink  
  44  5:14  Robotics Facility  
  44  5:18  Probe  
  44  5:20  Probe, Protoss Ground Armor Level 1 (Chrono Boost), Stalker  
  48  5:30  Probe  
  48  5:32  Probe  
  50  5:36  Shield Battery  
  50  5:42  Probe, Nexus  
  51  5:44  Stalker  
  51  5:45  Stalker  
  51  5:49  Probe  
  56  5:52  Assimilator  
  56  5:55  Probe  
  57  6:01  Probe  
  57  6:02  Observer  
  59  6:07  Probe  
  60  6:13  Probe, Gateway  
  60  6:16  Gateway  
  60  6:18  Gateway  
  60  6:21  Gateway  
  60  6:24  Warp Prism (Chrono Boost), Pylon  
  62  6:34  Pylon  
  62  6:42  Probe x2  
  64  6:52  Gateway  
  64  6:53  Pylon  
  65  6:54  Probe x3  
  67  7:03  Protoss Ground Weapons Level 1 (Chrono Boost)  
  67  7:04  Stalker x2  
  67  7:05  Stalker  
  67  7:06  Probe  
  67  7:07  Pylon  
  67  7:08  Charge (Chrono Boost)  
  74  7:10  Probe  
  75  7:20  Zealot x4  
  82  7:30  Shield Battery  
  82  7:32  Shield Battery  
  82  7:34  Pylon  
  74  7:42  Zealot x3  
  74  7:43  Zealot x3  
  84  7:48  Gateway  
  84  7:49  Gateway  
  84  7:56  Zealot x2  
  84  8:04  Stalker x2  
  84  8:05  Stalker x3  
  94  8:15  Stalker  
  94  8:17  Stalker x2  
  92  8:30  Zealot x2  
  94  8:35  Zealot x2  
  94  8:36  Zealot  
  94  8:41  Zealot x3  
  106  8:48  Warp Prism (Chrono Boost)  
  98  8:53  Zealot x4  
  84  9:10  Zealot x6  
  84  9:13  Zealot x4  
  100  9:34  Nexus  
  100  9:35  Pylon  
  94  9:44  Zealot  
  88  9:46  Zealot x8  
  88  9:49  Zealot  
  88  10:11  Zealot x5  
  88  10:12  Zealot x4  
  98  10:16  Probe x3  
  97  10:21  Dark Shrine  
  97  10:28  Probe x3  
  86  10:37  Warp Prism (Chrono Boost)  
  76  10:45  Assimilator, Sentry  
  76  10:46  Zealot x7, Protoss Ground Weapons Level 2 (Chrono Boost)  
  92  10:55  Probe x2  
  92  10:56  Probe x2  
  96  11:07  Probe  
  96  11:11  Stalker x3  
  103  11:21  Zealot x3, Stalker x2  
  103  11:22  Stalker  
  115  11:32  Forge  
  115  11:36  Zealot x4  
  123  11:42  Zealot x3  
  105  11:57  Dark Templar x3  
  101  12:03  Zealot x7  
  111  12:20  Robotics Bay  
  111  12:26  Zealot x2  
  111  12:27  Zealot x5  
  99  12:52  Dark Templar x2  
  99  12:55  Zealot x8  
  99  12:56  Probe x3  
  118  12:59  Nexus  
  118  13:01  Pylon  
  118  13:03  Pylon  
  114  13:16  Dark Templar  
  114  13:17  Dark Templar  
  114  13:18  Zealot x3  
  114  13:19  Zealot x3  
  120  13:21  Protoss Ground Weapons Level 3 (Chrono Boost)  
  120  13:22  Protoss Ground Armor Level 2 (Chrono Boost)  
  120  13:24  Probe x3  
  120  13:25  Probe  
  124  13:32  Zealot x2  
  128  13:36  Probe  
  123  13:46  Zealot x6  
  103  14:10  Stalker x4  
  103  14:11  Stalker x5  
  115  14:19  Dark Templar  
  115  14:23  Probe x3  
  116  14:29  Colossus (Chrono Boost)  
  116  14:30  Extended Thermal Lance (Chrono Boost)  
  122  14:39  Zealot x4  
  122  14:40  Zealot x5  
  122  14:42  Robotics Facility  
  140  14:58  Pylon  
  110  15:11  Zealot x10  
  104  15:35  Zealot x7  
  112  15:36  Stalker x2  
  108  15:49  Stalker  
  96  15:55  Zealot x6  
  96  15:56  Zealot  
  110  16:00  Colossus (Chrono Boost)  
  110  16:01  Colossus (Chrono Boost)  
  111  16:05  Probe x3  
  111  16:06  Probe  
  111  16:09  Stalker x2  
  111  16:17  Probe  
  108  16:22  Stalker x8  
  122  16:25  Shield Battery  
  122  16:27  Shield Battery  
  122  16:29  Pylon  
  122  16:37  Zealot x2  
  126  16:50  Colossus (Chrono Boost), Zealot x4  
  126  16:51  Zealot x4  
  148  16:57  Zealot  
  148  16:58  Zealot  
  152  17:21  Zealot x2  
  152  17:22  Zealot x8  
  140  17:32  Colossus  
  144  17:42  Stalker x4  
  144  17:43  Stalker x6  
  146  18:08  Zealot x6  
  146  18:09  Zealot x4  
  149  18:34  Dark Templar x3  
  149  18:40  Zealot x6  
  149  18:41  Zealot  
  145  19:01  Archon  
  145  19:02  Zealot x3  
  147  19:03  Zealot x4  
  159  19:06  Nexus  
Tags
 
Add a new tag
Caveats
  • Supply blocks, unpowered buildings, or Contaminate may cause inaccurate times.
  • Supply counts are checked every 10 seconds.